3AA
SAN ANTONIO BC @ YAKIMA HOPS
07/11/2032
 
TOP OF THE 1ST
San Antonio BC batting - Pitching for Yakima Hops : LHP Clay Pryor
Pitching: LHP Clay Pryor
Batting: RHB Louis Litt 0-0: Ball
1-0: SINGLE (Groundball, 25) (infield hit)
Batting: LHB Sidney Dollarhide 0-0: Called Strike
0-1: Ball
1-1: Ball
2-1: Called Strike
2-2: Fielders Choice at 2nd, 4-6 (Groundball, 4M)
Batting: RHB Chet Mathis 0-0: Ball
1-0: Ball
2-0: Called Strike
2-1: Foul Ball, location: 2F
2-2: Foul Ball, location: 2F
2-2: Strikes out swinging
Sidney Dollarhide is caught stealing 2nd base
Batter strikes out.
Top of the 1st over - 0 runs, 1 hit, 0 errors, 0 left on base; San Antonio 0 - Yakima 0
BOTTOM OF THE 1ST
Yakima Hops batting - Pitching for San Antonio BC : RHP Liam Sorrell
Pitching: RHP Liam Sorrell
Batting: LHB Roderick Simpson 0-0: Ball
1-0: Ball
2-0: Ball
3-0: Base on Balls
Batting: RHB Cristián Coronado 0-0: Ball
Roderick Simpson steals 2nd base
1-0: Ball
2-0: Ground out 6-3 (Groundball, 6M)
Roderick Simpson to third
Batting: LHB Ieyoshi Samurakami 0-0: Called Strike
0-1: Ball
1-1: Ball
2-1: 2-RUN HOME RUN (Flyball, 9D), Distance : 376 ft
Batting: RHB Bob Houghton 0-0: Called Strike
0-1: Ball
1-1: Ball
2-1: Called Strike
2-2: Foul Ball, location: 2F
2-2: Ball
3-2: SOLO HOME RUN (Flyball, 78XD), Distance : 425 ft
Batting: LHB Mo Wyndham 0-0: Ground out 4-3 (Groundball, 4)
Batting: RHB Rob Ingram 0-0: Foul Ball, location: 2F
0-1: Fly out, F8 (Flyball, 8RM)
Bottom of the 1st over - 3 runs, 2 hits, 0 errors, 0 left on base; San Antonio 0 - Yakima 3
TOP OF THE 2ND
San Antonio BC batting - Pitching for Yakima Hops : LHP Clay Pryor
Batting: RHB Mike Howard 0-0: Called Strike
0-1: Ground out 6-3 (Groundball, 6MD)
Batting: RHB José Salinas 0-0: Swinging Strike
0-1: Swinging Strike
0-2: Strikes out looking
Batting: RHB Tyler Utterback 0-0: Ball
1-0: Ball
2-0: Ball
3-0: Called Strike
3-1: Base on Balls
Batting: RHB Brodie Floyd 0-0: Called Strike
0-1: Ball
1-1: Foul Ball, location: 2F
1-2: Ball
2-2: Strikes out swinging
Top of the 2nd over - 0 runs, 0 hits, 0 errors, 1 left on base; San Antonio 0 - Yakima 3
BOTTOM OF THE 2ND
Yakima Hops batting - Pitching for San Antonio BC : RHP Liam Sorrell
Batting: LHB Jesús De Jesús 0-0: Ball
1-0: SINGLE (Line Drive, 89S)
Batting: RHB Tom Woolever 0-0: Ball
1-0: Ball
2-0: Ball
3-0: Base on Balls
Jesús De Jesús to second
Batting: RHB Mikael Evangjeli 0-0: Ball
1-0: Fielders Choice at 2nd, 4-6 (Groundball, 4M)
Jesús De Jesús to third
Batting: LHB Roderick Simpson 0-0: Ball
1-0: Foul Ball, location: 2F
1-1: Ball
2-1: Ball
3-1: Fielders Choice at 2nd, 4-6 (Groundball, 4)
Jesús De Jesús scores
Batting: RHB Cristián Coronado 0-0: Foul Ball, location: 2F
0-1: Called Strike
0-2: Strikes out swinging
Bottom of the 2nd over - 1 run, 1 hit, 0 errors, 1 left on base; San Antonio 0 - Yakima 4
TOP OF THE 3RD
San Antonio BC batting - Pitching for Yakima Hops : LHP Clay Pryor
Batting: RHB Ben Hampton 0-0: Ball
1-0: Ball
2-0: Ball
3-0: Foul Ball, location: 2F
3-1: Foul Ball, location: 2F
3-2: Base on Balls
Batting: LHB Pablo Morales 0-0: Ball
1-0: Foul Ball, location: 2F
1-1: Called Strike
1-2: Strikes out swinging
Ben Hampton steals 2nd base
Batter strikes out.
Batting: RHB Louis Litt 0-0: Called Strike
0-1: Foul Ball, location: 2F
0-2: Ball
1-2: Ball
2-2: Foul Ball, location: 2F
2-2: Ball
3-2: Ground out 5-3 (Groundball, 5)
Batting: LHB Sidney Dollarhide 0-0: Called Strike
0-1: Foul Ball, location: 2F
0-2: Ball
1-2: Ground out 4-3 (Groundball, 34D)
Top of the 3rd over - 0 runs, 0 hits, 0 errors, 1 left on base; San Antonio 0 - Yakima 4
BOTTOM OF THE 3RD
Yakima Hops batting - Pitching for San Antonio BC : RHP Liam Sorrell
Batting: LHB Ieyoshi Samurakami 0-0: Called Strike
0-1: SINGLE (Line Drive, 4MD)
Batting: RHB Bob Houghton 0-0: Called Strike
0-1: Ball
Wild Pitch!
Ieyoshi Samurakami to second
1-1: Swinging Strike
1-2: Strikes out swinging
Batting: LHB Mo Wyndham 0-0: Fly out, F7 (Flyball, 78D)
Batting: RHB Rob Ingram 0-0: Ball
1-0: Ball
2-0: Ground out 6-3 (Groundball, 6)
Bottom of the 3rd over - 0 runs, 1 hit, 0 errors, 1 left on base; San Antonio 0 - Yakima 4
TOP OF THE 4TH
San Antonio BC batting - Pitching for Yakima Hops : LHP Clay Pryor
Batting: RHB Chet Mathis 0-0: Ball
1-0: Ball
2-0: Ball
3-0: Called Strike
3-1: Base on Balls
Batting: RHB Mike Howard 0-0: Fly out, F8 (Flyball, 78D)
Batting: RHB José Salinas 0-0: Fielders Choice at 2nd, 1-6 (Groundball, P)
Batting: RHB Tyler Utterback 0-0: Called Strike
0-1: Ball
1-1: Ball
2-1: Foul Ball, location: 2F
2-2: Ground out 6-3 (Groundball, 6M)
Top of the 4th over - 0 runs, 0 hits, 0 errors, 1 left on base; San Antonio 0 - Yakima 4
BOTTOM OF THE 4TH
Yakima Hops batting - Pitching for San Antonio BC : RHP Liam Sorrell
Batting: LHB Jesús De Jesús 0-0: Ball
1-0: Ball
2-0: Ball
3-0: Called Strike
3-1: Ground out 1-3 (Groundball, 13S)
Batting: RHB Tom Woolever 0-0: Ball
1-0: Swinging Strike
1-1: Ball
2-1: Foul Ball, location: 2F
2-2: Foul Ball, location: 2F
2-2: Foul Ball, location: 2F
2-2: Ball
3-2: Hit by Pitch
Batting: RHB Mikael Evangjeli 0-0: Ball
Tom Woolever steals 2nd base
1-0: Ball
2-0: Ball
3-0: Called Strike
3-1: DOUBLE (Line Drive, 9LM)
Tom Woolever scores
Batting: LHB Roderick Simpson 0-0: Ground out 4-3 (Groundball, 4)
Mikael Evangjeli to third
Batting: RHB Cristián Coronado 0-0: Ball
1-0: Called Strike
1-1: Called Strike
1-2: Foul Ball, location: 2F
1-2: Fly out, F9 (Flyball, 9S)
Bottom of the 4th over - 1 run, 1 hit, 0 errors, 1 left on base; San Antonio 0 - Yakima 5
TOP OF THE 5TH
San Antonio BC batting - Pitching for Yakima Hops : LHP Clay Pryor
Batting: RHB Brodie Floyd 0-0: Called Strike
0-1: Ball
1-1: Fly out, F7 (Flyball, 7)
Batting: RHB Ben Hampton 0-0: Called Strike
0-1: Called Strike
0-2: Ball
1-2: Foul Ball, location: 2F
1-2: Foul Ball, location: 2F
1-2: Ball
2-2: Ground out 6-3 (Groundball, 6)
Batting: LHB Pablo Morales 0-0: Called Strike
0-1: Ball
1-1: Swinging Strike
1-2: Ball
2-2: SINGLE (Groundball, 34D)
Batting: RHB Louis Litt 0-0: Swinging Strike
0-1: Foul Ball, location: 2F
0-2: Ball
1-2: Fly out, F9 (Line Drive, 89M)
Top of the 5th over - 0 runs, 1 hit, 0 errors, 1 left on base; San Antonio 0 - Yakima 5
BOTTOM OF THE 5TH
Yakima Hops batting - Pitching for San Antonio BC : RHP Liam Sorrell
Batting: LHB Ieyoshi Samurakami 0-0: Ball
1-0: Ground out 6-3 (Groundball, 6MS)
Batting: RHB Bob Houghton 0-0: Ball
1-0: Fly out, F8 (Line Drive, 8RM)
Batting: LHB Mo Wyndham 0-0: Ball
1-0: Ball
2-0: Called Strike
2-1: Ball
3-1: Base on Balls
Batting: RHB Rob Ingram 0-0: Ball
1-0: Ball
2-0: Foul Ball, location: 2F
2-1: Ball
3-1: Foul Ball, location: 2F
3-2: Base on Balls
Mo Wyndham to second
Batting: LHB Jesús De Jesús 0-0: Ball
1-0: Called Strike
1-1: Ball
2-1: Ball
3-1: SINGLE (Line Drive, 7LS)
Mo Wyndham to third
Rob Ingram to second
Batting: RHB Tom Woolever 0-0: Ball
1-0: Ball
2-0: Called Strike
2-1: Called Strike
2-2: SINGLE (Groundball, 34D)
Mo Wyndham scores
Rob Ingram to third
Jesús De Jesús to second
Runner from 3rd tries for Home, SAFE, no throw
Batting: RHB Mikael Evangjeli 0-0: Swinging Strike
0-1: Ball
1-1: Foul Ball, location: 2F
1-2: Foul Ball, location: 2F
1-2: Fly out, F3 (Popup, 3SF)
Bottom of the 5th over - 2 runs, 2 hits, 0 errors, 2 left on base; San Antonio 0 - Yakima 7
TOP OF THE 6TH
San Antonio BC batting - Pitching for Yakima Hops : LHP Clay Pryor
Batting: LHB Sidney Dollarhide 0-0: Ball
1-0: Foul Ball, location: 2F
1-1: Foul Ball, location: 2F
1-2: Ball
2-2: Foul Ball, location: 2F
2-2: Ball
3-2: Ground out 5-3 (Groundball, 2L)
Batting: RHB Chet Mathis 0-0: Ball
1-0: Ball
2-0: Foul Ball, location: 2F
2-1: Called Strike
2-2: Foul Ball, location: 2F
2-2: Ball
3-2: Base on Balls
Pitching: RHP Héctor Navarro
Batting: RHB Mike Howard 0-0: Reached on error, E2 (Groundball, 2R)
Chet Mathis to third
Batting: RHB José Salinas 0-0: Ball
1-0: Ball
2-0: Ball
3-0: Called Strike
3-1: Swinging Strike
3-2: SINGLE (Groundball, 6MD)
Chet Mathis scores
Mike Howard to third
Runner from 3rd tries for Home, SAFE, no throw
Batting: RHB Tyler Utterback 0-0: Swinging Strike
0-1: Ball
1-1: Foul Ball, location: 2F
1-2: Ball
2-2: Ball
3-2: Base on Balls
José Salinas to second
Batting: RHB Brodie Floyd 0-0: Foul Ball, location: 2F
0-1: Foul Ball, location: 2F
0-2: Strikes out swinging
Batting: RHB Ben Hampton 0-0: Ground out 1-3 (Groundball, 15S)
Top of the 6th over - 2 runs, 1 hit, 1 error, 2 left on base; San Antonio 2 - Yakima 7
BOTTOM OF THE 6TH
Yakima Hops batting - Pitching for San Antonio BC : RHP Liam Sorrell
Pitching: LHP Felipe Vega
Batting: LHB Roderick Simpson 0-0: Called Strike
0-1: Fly out, F9 (Flyball, 9)
Batting: RHB Cristián Coronado 0-0: Foul Ball, location: 2F
0-1: Foul Ball, location: 2F
0-2: Foul Ball, location: 2F
0-2: Ball
1-2: Fly out, F9 (Flyball, 9LS)
Batting: LHB Ieyoshi Samurakami 0-0: Called Strike
0-1: Ball
1-1: SINGLE (Line Drive, 8RS)
Batting: RHB Bob Houghton 0-0: Ball
1-0: Called Strike
1-1: Swinging Strike
1-2: Foul Ball, location: 2F
1-2: Foul Ball, location: 2F
1-2: Strikes out swinging
Bottom of the 6th over - 0 runs, 1 hit, 0 errors, 1 left on base; San Antonio 2 - Yakima 7
TOP OF THE 7TH
San Antonio BC batting - Pitching for Yakima Hops : RHP Héctor Navarro
Batting: LHB Pablo Morales 0-0: Ball
1-0: Swinging Strike
1-1: Swinging Strike
1-2: Foul Ball, location: 2F
1-2: Ball
2-2: Ball
3-2: Strikes out swinging
Batting: RHB Louis Litt 0-0: Called Strike
0-1: Ball
1-1: Ball
2-1: Ball
3-1: Ground out 4-3 (Groundball, 4)
Batting: LHB Sidney Dollarhide 0-0: Ball
1-0: Ball
2-0: Called Strike
2-1: Ball
3-1: Foul Ball, location: 2F
3-2: TRIPLE (Flyball, 78XD)
Batting: RHB Chet Mathis 0-0: Called Strike
0-1: Foul Ball, location: 2F
0-2: Foul Ball, location: 2F
0-2: Foul Ball, location: 2F
0-2: Ball
1-2: Ball
2-2: Ball
3-2: Strikes out swinging
Top of the 7th over - 0 runs, 1 hit, 0 errors, 1 left on base; San Antonio 2 - Yakima 7
BOTTOM OF THE 7TH
Yakima Hops batting - Pitching for San Antonio BC : LHP Felipe Vega
Batting: LHB Mo Wyndham 0-0: Called Strike
0-1: Ball
1-1: Ball
2-1: Ground out 3-1 (Groundball, 23)
Batting: RHB Rob Ingram 0-0: Ball
1-0: Foul Ball, location: 2F
1-1: Ball
2-1: Ball
3-1: Swinging Strike
3-2: Base on Balls
Batting: LHB Jesús De Jesús 0-0: Ball
1-0: Swinging Strike
1-1: Foul Ball, location: 2F
1-2: Strikes out swinging
Batting: RHB Tom Woolever 0-0: Ball
1-0: Called Strike
1-1: Fly out, F5 (Line Drive, 6)
Bottom of the 7th over - 0 runs, 0 hits, 0 errors, 1 left on base; San Antonio 2 - Yakima 7
TOP OF THE 8TH
San Antonio BC batting - Pitching for Yakima Hops : RHP Héctor Navarro
Now in LF: Giuseppe Provolone
Batting: RHB Mike Howard 0-0: Ball
1-0: Foul Ball, location: 2F
1-1: Called Strike
1-2: Fly out, F7 (Flyball, 7LMF)
Batting: RHB José Salinas 0-0: Ball
1-0: Called Strike
1-1: Ball
2-1: Foul Ball, location: 2F
2-2: Strikes out swinging
Batting: RHB Tyler Utterback 0-0: Foul Ball, location: 2F
0-1: Fly out, F9 (Flyball, 9S)
Top of the 8th over - 0 runs, 0 hits, 0 errors, 0 left on base; San Antonio 2 - Yakima 7
BOTTOM OF THE 8TH
Yakima Hops batting - Pitching for San Antonio BC : LHP Felipe Vega
Batting: RHB Mikael Evangjeli 0-0: Ball
1-0: Ball
2-0: DOUBLE (Line Drive, 78D)
Batting: LHB Roderick Simpson 0-0: Ball
1-0: Called Strike
1-1: Ball
2-1: Called Strike
Mikael Evangjeli steals 3rd base
2-2: SINGLE (Groundball, 4M)
Mikael Evangjeli scores
Batting: RHB Cristián Coronado 0-0: Fly out, F7 (Flyball, 78M)
Batting: LHB Ieyoshi Samurakami 0-0: Foul Ball, location: 2F
0-1: Ball
1-1: Foul Ball, location: 2F
1-2: Fly out, F9 (Flyball, 89M)
Batting: RHB Bob Houghton 0-0: Ball
1-0: Called Strike
1-1: Swinging Strike
1-2: Foul Ball, location: 2F
Pickoff Throw to First - Out!
Bottom of the 8th over - 1 run, 2 hits, 0 errors, 0 left on base; San Antonio 2 - Yakima 8
TOP OF THE 9TH
San Antonio BC batting - Pitching for Yakima Hops : RHP Héctor Navarro
Batting: RHB Brodie Floyd 0-0: Called Strike
0-1: Ball
1-1: Ball
2-1: Ball
3-1: Base on Balls
Batting: RHB Ben Hampton 0-0: Ball
1-0: Ball
2-0: Foul Ball, location: 2F
2-1: Swinging Strike
2-2: Ball
3-2: Foul Ball, location: 2F
3-2: Fly out, F7 (Line Drive, 7D)
Pitching: RHP Marvin Cahill
Batting: LHB Pablo Morales 0-0: Foul Ball, location: 2F
0-1: Ball
1-1: Ball
2-1: DOUBLE (Groundball, 3L)
Brodie Floyd to third
Batting: RHB Louis Litt 0-0: Ground out U3 (Groundball, 3)
Batting: LHB Sidney Dollarhide 0-0: Foul Ball, location: 2F
0-1: Ball
1-1: Called Strike
1-2: Foul Ball, location: 2F
1-2: Ball
2-2: SINGLE (Line Drive, 4)
Brodie Floyd scores
Pablo Morales to third
Batting: RHB Chet Mathis 0-0: Foul Ball, location: 2F
0-1: Fielders Choice at 2nd, 5-4 (Groundball, 5)
Top of the 9th over - 1 run, 2 hits, 0 errors, 2 left on base; San Antonio 3 - Yakima 8
Wednesday, September 19th, 2018 - OOTP Baseball 18.8 Build 76